 Dungeon Crawl Stone Soup version 0.22.1-2-g9c5b331 (webtiles) character file.

95 Fang the Skirmisher (level 4, -1/29 HPs)
             Began as a Gargoyle Berserker on Nov 29, 2018.
             Was a Believer of Trog.
             Slain by a scorpion (4 damage)
             ... on level 3 of the Dungeon.
             The game lasted 00:01:37 (1795 turns).

Fang the Skirmisher (Gargoyle Berserker)            Turns: 1795, Time: 00:01:38

Health: -1/29      AC:  9    Str: 22    XL:     4   Next: 66%
Magic:  4/4        EV: 11    Int:  7    God:    Trog [**....]
Gold:   75         SH:  0    Dex:  9    Spells: 3/3 levels left

rFire    . . .     SeeInvis .   a - +0 hand axe
rCold    . . .     Gourm    .   (no shield)
rNeg     + . .     Faith    .   p - +0 ring mail
rPois    ∞         Spirit   .   (no helmet)
rElec    +         Reflect  .   (no cloak)
rCorr    .         Harm     .   (no gloves)
MR       .....     Rnd*Tele +   (no boots)
Stlth    ..........             l - amulet of rage
HPRegen  0.09/turn              o - ring of teleportation (curse)
MPRegen  0.09/turn              (no ring)

@: no status effects
A: negative energy resistance 1, electricity resistance, unbreathing,
petrification resistance, rot immunity, AC +3
a: Berserk, Trog's Hand, Renounce Religion, Evoke Berserk Rage


You were on level 3 of the Dungeon.
You worshipped Trog.
Trog was pleased with you.
You were not hungry.

You visited 1 branch of the dungeon, and saw 3 of its levels.

You collected 75 gold pieces.

Inventory:

Hand Weapons
 a - a +0 hand axe (weapon)
Armour
 p - a +0 ring mail (worn)
Jewellery
 l - an amulet of rage (around neck)
 o - a cursed ring of teleportation (left hand)
Scrolls
 b - a scroll of remove curse {unknown}
 d - a scroll of immolation {unknown}
 e - a scroll of magic mapping {unknown}
 f - 3 scrolls of teleportation {unknown}
 h - a scroll of identify {unknown}
 i - a scroll of fog {unknown}
Potions
 g - a potion of haste {unknown}
 j - a potion of resistance {unknown}
 k - a potion of invisibility {unknown}
 m - a potion of cancellation {unknown}
Comestibles
 c - 2 rations


   Skills:
 + Level 4.2 Fighting
 + Level 3.9 Axes
 + Level 2.4 Armour
 + Level 1.9 Dodging
 + Level 0.2 Stealth


You had 3 spell levels left.
You didn't know any spells.
Your spell library was empty.

Dungeon Overview and Level Annotations

Branches:
Dungeon (3/15)

Altars:
Ashenzari


Innate Abilities, Weirdness & Mutations

You are resistant to torment.
Your stone body is resilient. (AC +3)
You are immune to poison.
You resist negative energy. (rN+)
You are resistant to electric shocks. (rElec)
You can survive without breathing.
You are immune to petrification.
You are immune to rotting.


Message History

The scorpion is heavily wounded.
The scorpion closely misses you.
You closely miss the scorpion.
The scorpion is heavily wounded.
The scorpion stings you.
* * * LOW HITPOINT WARNING * * *
You closely miss the scorpion.
The scorpion is heavily wounded.
The scorpion misses you.
You barely miss the scorpion.
The scorpion is heavily wounded.
The scorpion closely misses you.
You hit the scorpion.
The scorpion is heavily wounded.
The scorpion stings you.
* * * LOW HITPOINT WARNING * * *
You hit the scorpion.
The scorpion is severely wounded.
The scorpion stings you.
You die...

#.............##
.........#####.†###
........ ##...#
#..... ###.# ##.
... ##..# .....#
##..## #.#.# #..##
#..s# ##.##
..###.@#######..#
#..............##
##...........###
#..........##
#..........#
#..........#
#..........#
############


You could see a scorpion.

Vanquished Creatures
  A gnoll (D:1)
  3 adders (D:2)
  3 worms
  3 leopard geckos
  7 bats
  2 giant cockroaches
  4 goblins
  4 hobgoblins
  2 jackals (D:2)
  2 quokkas (D:2)
  5 frilled lizards
  5 kobolds (D:1)
  7 rats
48 creatures vanquished.

Notes
Turn   | Place    | Note
-------+----------+-------------------------------------------
     0 | D:1      | Fang the Gargoyle Berserker began the quest for the Orb.
     0 | D:1      | Reached XP level 1. HP: 14/14 MP: 1/1
   151 | D:1      | Reached XP level 2. HP: 12/19 MP: 2/2
   700 | D:1      | Reached XP level 3. HP: 24/24 MP: 3/3
   998 | D:2      | Reached ** piety under Trog
  1015 | D:2      | Reached skill level 4 in Fighting
  1039 | D:2      | Reached XP level 4. HP: 20/29 MP: 4/4
  1420 | D:2      | Found a shattered altar of Ashenzari.
  1795 | D:3      | Slain by a scorpion

Skill      XL: |  1  2  3 |
---------------+----------+-----
Axes           | 3 |  3.9
Fighting       | 4 |  4.2
Armour         | |  2.4
Dodging        | |  1.9
Stealth        | |  0.2

Action                   |  1- 3 |  4- 6 || total
-------------------------+-------+-------++-------
Melee: Hand axe          |    93 |    75 ||   168
Invok: Berserk           |     1 |     1 ||     2
 Stab: Sleeping          |     2 |       ||     2
  Eat: Chunk             |     1 |     4 ||     5
Armor: Animal skin       |    49 |    17 ||    66
       Ring mail         |       |     4 ||     4
Dodge: Dodged            |    81 |    54 ||   135
